 Dungeon Crawl Stone Soup version 0.19.4 (webtiles) character file.

3622 Chiseanne the Destroyer (level 9, -8/68 HPs)
             Began as a Demonspawn Wanderer on Feb 4, 2017.
             Was an Initiate of Vehumet.
             Killed from afar by a steam dragon (15 damage)
             ... with a ball of steam
             ... on level 9 of the Dungeon.
             The game lasted 00:28:02 (9696 turns).

Chiseanne the Destroyer (Demonspawn Wanderer)       Turns: 9696, Time: 00:28:03

Health: -8/68      AC:  9    Str: 12    XL:     9   Next: 87%
Magic:  11/20      EV: 14    Int: 21    God:    Vehumet [......]
Gold:   259        SH:  0    Dex:  9    Spells: 5 memorised, 12 levels left

rFire  . . .     SeeInvis .     a - +3 quarterstaff (chaos)
rCold  . . .     Gourm    .     e - +0 leather armour
rNeg   . . .     Faith    +     (shield currently unavailable)
rPois  +         Spirit   .     (helmet unavailable)
rElec  .         Reflect  .     E - +1 cloak
rCorr  .         Harm     .     (no gloves)
MR     .....                    F - +1 pair of boots
Stlth  ++........               I - amulet of faith
                                w - +2 ring of slaying
                                p - ring of poison resistance

@: no status effects
A: horns 3, iridescent scales 1, nightstalker 1, powered by death 1
a: Renounce Religion


You were on level 9 of the Dungeon.
You worshipped Vehumet.
Vehumet was noncommittal.
You were not hungry.

You visited 1 branch of the dungeon, and saw 9 of its levels.

You collected 509 gold pieces.
You spent 250 gold pieces at shops.

Inventory:

Hand Weapons
 a - a +3 quarterstaff of chaos (weapon)
Missiles
 g - 61 sling bullets
 i - 61 poisoned needles
 k - 267 stones (quivered)
 x - 36 bolts
Armour
 e - a +0 leather armour (worn)
 A - a +0 buckler
 E - a +1 cloak (worn)
 F - a +1 pair of boots (worn)
Jewellery
 n - an uncursed ring of protection from fire {unknown}
 o - a +5 ring of strength
 p - a ring of poison resistance (left hand)
 q - an uncursed ring of flight
 w - a +2 ring of slaying (right hand)
 y - an uncursed ring of positive energy
 B - an uncursed amulet of the gourmand
 I - an amulet of faith (around neck)
 J - a +5 amulet of reflection {unknown}
Wands
 K - a wand of polymorph (12/24)
Scrolls
 r - 4 scrolls of remove curse
 s - 2 scrolls of teleportation
 v - 2 scrolls of magic mapping
 G - 5 scrolls of amnesia
Potions
 l - 3 potions of curing
 m - 2 potions of might
 t - a potion of invisibility {unknown}
 z - 3 potions of flight
 C - a potion of agility
 H - a potion of magic {unknown}
Books
 b - the Disquisition on Combat Magic

   Spells                             Type                      Level
   a - Shock                          Conjuration/Air              1
   b - Dazzling Spray                 Conjuration/Hexes            3
 h - a book of Minor Magic

   Spells                             Type                      Level
   a - Magic Dart                     Conjuration                  1
   b - Blink                          Translocation                2
   c - Call Imp                       Summoning                    2
   d - Repel Missiles                 Charms/Air                   2
   e - Slow                           Hexes                        2
   f - Conjure Flame                  Conjuration/Fire             3
   g - Mephitic Cloud                 Conjuration/Poison/Air       3
Comestibles
 d - 5 beef jerkies
 f - 7 bread rations
 j - 5 fruits
 u - 5 meat rations


   Skills:
 - Level 5.0 Fighting
 * Level 6.8 Dodging
 - Level 1.0 Stealth
 * Level 7.3 Spellcasting
 * Level 8.1 Conjurations
   Level 2.0 Hexes
 - Level 1.0 Poison Magic
 - Level 1.0 Evocations


You had 12 spell levels left.
You knew the following spells:

 Your Spells              Type           Power        Failure   Level  Hunger
a - Magic Dart            Conj           ####         1%          1    None
b - Shock                 Conj/Air       ###.         2%          1    None
c - Blink                 Tloc           N/A          21%         2    None
d - Mephitic Cloud        Conj/Pois/Air  ###.....     12%         3    None
e - Conjure Flame         Conj/Fire      ###.....     10%         3    None


Dungeon Overview and Level Annotations

Branches:
Dungeon (9/15)             Temple (0/1) D:7            Lair (0/6) D:9
    Orc: D:9-12

Altars:
Elyvilon
Kikubaaqudgha
Nemelex Xobeh
Okawaru
Qazlal
Ru
Uskayaw
Vehumet
Xom
Yredelemnul
Zin
The Shining One

Shops:
D:5 =

Annotations:
D:8 TryAgain's ghost, novice DDFi


Innate Abilities, Weirdness & Mutations

You have a pair of large horns on your head.
You are partially covered in iridescent scales. (AC +2)
You are slightly more attuned to the shadows.
You regenerate a little health from kills.


Message History

Your +0 leather armour unmelds from your body.
You open the door.
The steam dragon hisses angrily.
The steam dragon breathes steam at you. The ball of steam hits you!
* * * LOW HITPOINT WARNING * * *
Found a potion of curing.
There is an open door here.
Found a ring mail.
You close the door.
Casting: Conjure Flame
Confirm with . or Enter, or press ? or * to list all spells.
Aiming: Magic Dart
Press: ? - help, Shift-Dir - straight line, f - steam dragon
Aim: a steam dragon The magic dart hits the steam dragon.
The steam dragon is moderately wounded.
The steam dragon breathes steam at you. The ball of steam hits you!
You die...

......[..#
..........+
!.........#
..........#
...........#
...........#
......§§@..#
.......D#+####
#.........#§#
#....>.D..§.#
##.....!§§§.##
##..........####
..............#
#............#
#............#


There were no monsters in sight!

Vanquished Creatures
  A spiny frog (D:9)
  A two-headed ogre (D:8)
  A hippogriff (D:8)
  5 yaks (D:9)
  An ice beast (D:8)
  A sky beast (D:8)
  3 phantoms
  3 ogres
  2 centaurs (D:7)
  2 big kobolds
  3 bullfrogs
  A scorpion (D:4)
  3 crimson imps
  3 hounds
  2 bullfrog zombies
  Crazy Yiuf (D:3)
  3 orc priests
  A bullfrog skeleton (D:4)
  A jelly (D:5)
  3 orc wizards
  An iguana (D:4)
  5 worker ants
  A hound zombie (D:8)
  3 hound skeletons
  A worker ant zombie (D:6)
  11 adders
  8 gnolls (D:4)
  A shadow imp (D:8)
  An ooze (D:3)
  2 adder zombies (D:5)
  2 adder skeletons
  2 worms (D:3)
  6 dart slugs
  4 leopard geckos
  11 orcs
  8 bats
  8 giant cockroaches
  11 goblins
  12 hobgoblins
  13 jackals
  5 quokkas
  A ball python (D:3)
  11 frilled lizards
  A jackal skeleton (D:6)
  16 kobolds
  2 leopard gecko skeletons
  10 rats
  A fungus (D:2)
199 creatures vanquished.

Notes
Turn   | Place    | Note
-------+----------+-------------------------------------------
     0 | D:1      | Chiseanne the Demonspawn Wanderer began the quest for the Orb.
     0 | D:1      | Chiseanne set off with: a book of Minor Magic, the Disquisition on Combat Magic, a potion of lignification, a +0 robe, a +0 club, a bread ration
     0 | D:1      | Reached XP level 1. HP: 13/13 MP: 3/3
    10 | D:1      | Identified the Disquisition on Combat Magic
    12 | D:1      | Learned a level 1 spell: Magic Dart
    14 | D:1      | Learned a level 1 spell: Shock
   571 | D:1      | Gained mutation: You are partially covered in iridescent scales. (AC +2) [demonic ancestry]
   571 | D:1      | Reached XP level 2. HP: 20/20 MP: 3/5
   732 | D:1      | Reached skill level 1 in Fighting
  1001 | D:1      | Reached skill level 1 in Dodging
  1107 | D:1      | Learned a level 2 spell: Blink
  1161 | D:1      | Reached XP level 3. HP: 15/26 MP: 6/6
  1855 | D:2      | Found an ancient bone altar of Kikubaaqudgha.
  1855 | D:2      | Found an iron altar of Okawaru.
  1966 | D:2      | Found a sacrificial altar of Ru.
  2051 | D:2      | Gained mutation: You regenerate a little health from kills. [demonic ancestry]
  2051 | D:2      | Reached XP level 4. HP: 31/33 MP: 1/8
  2232 | D:2      | Found a glowing silver altar of Zin.
  2489 | D:2      | Learned a level 3 spell: Mephitic Cloud
  2624 | D:3      | Noticed a big kobold
  2650 | D:3      | Killed a big kobold
  2650 | D:3      | Gained mutation: You have a pair of small horns on your head. [demonic ancestry]
  2650 | D:3      | Reached XP level 5. HP: 38/38 MP: 4/9
  2988 | D:3      | Reached skill level 4 in Conjurations
  3095 | D:3      | Gained mutation: You have a pair of horns on your head. [demonic ancestry]
  3095 | D:3      | Reached XP level 6. HP: 46/46 MP: 6/11
  3343 | D:3      | Found a runed door.
  3937 | D:3      | Noticed Crazy Yiuf
  3946 | D:3      | Killed Crazy Yiuf
  4822 | D:4      | Reached XP level 7. HP: 37/52 MP: 8/13
  5223 | D:4      | Reached skill level 5 in Conjurations
  6169 | D:5      | Entered Level 5 of the Dungeon
  6177 | D:5      | Learned a level 3 spell: Conjure Flame
  6186 | D:5      | You fall through a shaft!
  6201 | D:6      | Found a hide-covered altar of Uskayaw.
  6283 | D:5      | Gained mutation: You have a pair of large horns on your head. [demonic ancestry]
  6283 | D:5      | Reached XP level 8. HP: 59/60 MP: 15/15
  6591 | D:5      | Found Nucezav's Jewellery Emporium.
  6597 | D:5      | Bought a cursed amulet of inaccuracy for 20 gold pieces
  6597 | D:5      | Bought a cursed -2 ring of evasion for 20 gold pieces
  6798 | D:5      | Found a stormy altar of Qazlal.
  6804 | D:5      | Found a basalt altar of Yredelemnul.
  6806 | D:5      | Found a radiant altar of Vehumet.
  6815 | D:5      | Became a worshipper of Vehumet
  7052 | D:5      | Reached skill level 5 in Spellcasting
  7093 | D:5      | Bought a +2 ring of slaying for 210 gold pieces
  7343 | D:6      | Found a sparkling altar of Nemelex Xobeh.
  7636 | D:7      | Found a white marble altar of Elyvilon.
  7772 | D:7      | Reached skill level 6 in Conjurations
  8100 | D:7      | Found a glowing golden altar of the Shining One.
  8153 | D:7      | Found a staircase to the Ecumenical Temple.
  8187 | D:7      | Found a shimmering altar of Xom.
  8645 | D:8      | Reached skill level 5 in Fighting
  8645 | D:8      | Reached skill level 5 in Dodging
  8917 | D:8      | Noticed a hippogriff
  8934 | D:8      | Killed a hippogriff
  8934 | D:8      | Gained mutation: You are slightly more attuned to the shadows. [demonic ancestry]
  8934 | D:8      | Reached XP level 9. HP: 50/68 MP: 2/18
  9075 | D:8      | Noticed TryAgain's ghost (novice DDFi)
  9184 | D:8      | Reached skill level 7 in Conjurations
  9626 | D:9      | Found a staircase to the Lair.
  9626 | D:9      | Noticed a spiny frog
  9647 | D:9      | Killed a spiny frog
  9647 | D:9      | Reached skill level 8 in Conjurations
  9696 | D:9      | Killed from afar by a steam dragon

Skill      XL: |  1  2  3  4  5  6  7  8  9 |
---------------+----------------------------+-----
Fighting       | 1 2 3 4 5 |  5.0
Dodging        | 1 2 3 4 5 6 |  6.8
Spellcasting   | 3 4 6 7 |  7.3
Conjurations   | 4 5 6 8 |  8.1
Stealth        | |  1.0
Hexes          | |  2.0
Poison Magic   | |  1.0
Evocations     | |  1.0

Action                   |  1- 3 |  4- 6 |  7- 9 || total
-------------------------+-------+-------+-------++-------
Melee: Club              |    16 |       |       ||    16
       Dagger            |    86 |    84 |    50 ||   220
       Headbutt          |       |     6 |    37 ||    43
       Quarterstaff      |       |    18 |   199 ||   217
Throw: Stone             |     6 |       |       ||     6
 Cast: Magic Dart        |    70 |   125 |    40 ||   235
       Mephitic Cloud    |       |     4 |    15 ||    19
       Shock             |       |       |    27 ||    27
       Blink             |       |       |     4 ||     4
       Conjure Flame     |       |       |     2 ||     2
  Use: Scroll            |     7 |     5 |    13 ||    25
       Potion            |       |       |     6 ||     6
 Stab: Sleeping          |     3 |     4 |     3 ||    10
       Confused          |       |     1 |       ||     1
  Eat: Chunk             |     4 |    25 |    11 ||    40
Armor: Robe              |    17 |       |       ||    17
       Leather armour    |    24 |    32 |    90 ||   146
       Skin              |       |       |     1 ||     1
Dodge: Dodged            |    56 |    64 |   184 ||   304
